 Dungeon Crawl Stone Soup version 0.17-a0-1-g1f4be75 (webtiles) character file.

15969 Malachi the Blocker (level 12, -5/76 HPs)
             Began as a Gargoyle Fighter on Mar 11, 2015.
             Was a High Priest of Ru.
             Killed from afar by a lindwurm (16 damage)
             ... with a blast of flame
             ... on level 4 of the Lair of Beasts on Mar 12, 2015.
             The game lasted 00:41:07 (13845 turns).

Malachi the Blocker (Gargoyle Fighter)             Turns: 13845, Time: 00:41:08

Health: -5/76      AC: 32    Str: 25      XL:     12   Next: 32%
Magic:  8/12       EV:  7    Int: 12      God:    Ru [*****.]
Gold:   586        SH: 13    Dex:  5 (7)  Spells: 0 memorised, 11 levels left

rFire  . . .     SeeInvis .     L - +2 flail (protect)
rCold  . . .     Clarity  .     I - +1 plate armour
rNeg   + . .     SustAb   +     c - +0 shield
rPois  ∞         Gourm    .     B - +1 hat
rElec  +         Spirit   .     R - +2 cloak
rCorr  .         Warding  .     (no gloves)
rMut   .         Stasis   .     h - +0 pair of boots
MR     .....                    O - amulet of rage
Stlth  ..........               D - +3 ring of strength
                                S - ring of sustain abilities

@: exhausted, no scrolls, not resistant to hostile enchantments, extremely
unstealthy
A: horns 1, talons 1, clever 1, clumsy 1, deterioration 1, negative energy
resistance 1, electricity resistance, weak 1, unbreathing, petrification
resistance, rot immunity, inability to read while threatened, no stealth, hated
by all, no earth magic, no translocations magic, no transmutations magic,
vulnerability to harm 1, AC +8
a: Draw Out Power, Power Leap, Apocalypse, Renounce Religion, Evoke Berserk Rage


You were on level 4 of the Lair of Beasts.
You worshipped Ru.
Ru was extremely pleased with you.
You were not hungry.

You visited 2 branches of the dungeon, and saw 12 of its levels.
You also visited: Sewer and Ossuary.

You collected 586 gold pieces.

Inventory:

Hand weapons
 E - the +3 long sword "Jaifaume" {antimagic, Contam rPois MR+}
   (You found it on level 7 of the Dungeon)

   It disrupts the flow of magical energy around spellcasters and certain
   magical creatures (including the wielder).
   It protects you from poison.
   It affects your resistance to hostile enchantments.
   It causes magical contamination when unequipped.
 L - a +2 flail of protection (weapon)
Missiles
 m - 44 poisoned needles
 y - 5 javelins (quivered)
Armour
 c - a +0 shield (worn)
 h - a +0 pair of boots (worn)
 B - a +1 hat (worn)
 I - a +1 plate armour (worn)
 R - a +2 cloak (worn)
Jewellery
 l - an uncursed amulet of guardian spirit
 p - an uncursed ring of protection from cold
 t - an uncursed ring of see invisible
 C - a cursed ring of protection from cold
 D - a +3 ring of strength (right hand)
 O - an amulet of rage (around neck)
 P - an uncursed ring of protection from fire
 S - a ring of sustain abilities (left hand)
Magical devices
 i - a wand of paralysis (12)
 F - a wand of fireball (3)
 N - a wand of teleportation (5)
 U - a wand of flame (24)
Scrolls
 a - 5 scrolls of identify
 b - a scroll of holy word
 f - 6 scrolls of enchant armour
 g - 2 scrolls of recharging
 n - 5 scrolls of teleportation
 o - a scroll of immolation
 q - 2 scrolls of fear
 r - 5 scrolls of remove curse
 s - 2 scrolls of fog
 v - 2 scrolls of blinking
 J - a scroll of amnesia
 T - a scroll of magic mapping
Potions
 e - a potion of haste
 j - 5 potions of curing
 k - 5 potions of restore abilities
 u - a potion of invisibility
 x - 2 potions of might
 H - a potion of heal wounds
 Q - a potion of flight
Books
 M - a book of the Warp

   Spells                             Type                      Level
   a - Recall                         Summoning/Translocation      3
   b - Control Teleport               Charms/Translocation         4
   c - Force Lance                    Conjuration/Translocation    4
   d - Phase Shift                    Translocation                5
   e - Warp Weapon                    Charms/Translocation         5
   f - Gell's Gravitas                Hexes/Translocation          5
   g - Summon Forest                  Summoning/Translocation      5
 V - a book of Enchantments

   Spells                             Type                      Level
   a - Tukima's Dance                 Hexes                        3
   b - Cause Fear                     Hexes                        4
   c - Silence                        Hexes/Air                    5
   d - Deflect Missiles               Charms/Air                   6
   e - Haste                          Charms                       6
   f - Discord                        Hexes                        8
Comestibles
 d - 14 bread rations
 w - 5 slices of pizza
 z - 6 fruits
 A - 5 meat rations
 G - a royal jelly
 K - 10 beef jerkies
 W - 5 chunks of flesh


   Skills:
 + Level 9.2 Fighting
 + Level 9.7 Maces & Flails
 + Level 1.0 Throwing
 + Level 9.7 Armour
 + Level 3.6 Dodging
 + Level 13.4 Shields


You had 11 spell levels left.
You didn't know any spells.

Dungeon Overview and Level Annotations

Branches:
Dungeon (8/15)             Temple (0/1) D:6            Lair (4/8) D:8
 Shoals (0/5) Lair:4        Snake (0/5) Lair:4

Altars:
Gozag
Ru
Sif Muna
Xom
Zin

Portals:
Volcano: Lair:4

Annotations:
Lair:1 exclusion: oklob plant


Innate Abilities, Weirdness & Mutations

You are resistant to torment.
You are immune to poison.
Your stone body is very resilient (AC +8).
You resist negative energy.
You are resistant to electric shocks.
You are weak. (Str -2)
You can survive without breathing.
You are immune to petrification.
You are immune to rotting.
You cannot read scrolls while threatened.
You cannot be stealthy.
You are hated by all.
You cannot study or cast Earth magic.
You cannot study or cast Translocations magic.
You cannot study or cast Transmutations magic.
You take slightly more damage. (-3 AC)
You have a pair of small horns on your head.
You have sharp toenails.
Your mind is acute. (Int +2)
You are clumsy. (Dex -2)
Your body is slowly deteriorating.


Message History

You are too injured to fight recklessly!
You hit the lindwurm.
You headbutt the lindwurm, but do no damage.
The lindwurm is heavily wounded.
The lindwurm bites you but does no damage.
The lindwurm claws you but does no damage. x2
Your plate armour prevents you from hitting the lindwurm.
The lindwurm is heavily wounded.
The lindwurm begins to attack, but is stunned by your will!
You hit the lindwurm.
You headbutt the lindwurm, but do no damage.
The lindwurm is heavily wounded.
Use which ability? (? or * to list) You're too exhausted to draw out your power.
You hit the lindwurm.
You headbutt the lindwurm, but do no damage.
The lindwurm is heavily wounded.
The lindwurm breathes flames at you. The blast of flame hits you!
You die...

...# #...#P.........#..## #.....
..## ##..####..##..##...# ##.....
...# #.....#...##...##..###......
..## ##...###..##........###.....
..# #..P# #..#........####.....
..# #..## #...........###......
### #### #######......##......
#### ####.#####.....##......
...########....k@###.....###....>
.#.........≈≈≈§...##......##.....
.#§≈≈§...§≈§..≈≈≈§##.............
.#...§≈≈≈≈.......∩##.............
...#.......#########.............
############ #.............
##P........... . ##........... .
#...........


You could see a lindwurm.

Vanquished Creatures
  A hydra (Lair:2)
  A hill giant (D:6)
  The ghost of dadoka the Unseen, an experienced SpAs of Dithmenos (D:8)
  A siren (Lair:4)
  Joseph (Lair:1)
  3 spiny frogs
  2 komodo dragons (Lair:4)
  2 fire drakes
  A boulder beetle (D:8)
  A basilisk (Lair:4)
  10 blink frogs
  A deep elf mage (D:7)
  16 yaks
  A hippogriff (Lair:3)
  Eustachio (D:8)
  15 wolves
  8 water moccasins
  3 nagas (Lair:4)
  5 porcupines
  2 sky beasts
  2 black bears
  2 ogres
  A wasp (D:8)
  2 orc warriors (D:6)
  A centaur (D:7)
  5 crocodiles
  A big kobold (D:7)
  The ghost of ZiggyStardust the Ducker, an average FeWz of Sif Muna (Ossuary)
  8 giant frogs
  A gnoll sergeant (D:7)
  A water moccasin zombie (D:6)
  3 scorpions
  4 wights (D:7)
  2 killer bees (D:7)
  A jelly (D:7)
  5 crimson imps
  A giant frog zombie (D:3)
  11 hounds
  A centaur skeleton (D:6)
  2 goliath beetles
  An orc priest (D:7)
  3 centaur zombies
  2 giant frog skeletons (D:4)
  A gnoll shaman (D:8)
  2 worker ants
  6 orc wizards
  7 iguanas
  2 killer bee zombies (D:8)
  7 sheep (Lair:2)
  2 big kobold zombies (Ossuary)
  A hound skeleton (D:4)
  3 mummies
  20 gnolls
  37 river rats
  12 adders
  3 giant mites
  A shadow imp (D:8)
  A white imp (D:8)
  An ufetubus (D:8)
  2 worms
  2 adder skeletons
  9 giant geckos
  2 oozes
  20 orcs
  8 ball pythons
  3 bat skeletons
  4 giant cockroaches
  21 hobgoblins
  17 jackals
  9 quokkas
  18 bats
  10 giant newts
  12 goblins
  A goblin zombie (Ossuary)
  11 hobgoblin zombies (Ossuary)
  3 jackal zombies (Ossuary)
  27 kobolds
  11 kobold zombies (Ossuary)
  5 orc zombies (Ossuary)
  18 rats
  2 rat zombies (Ossuary)
458 creatures vanquished.

Vanquished Creatures (others)
  A black mamba (Lair:3)
  A wolf (Lair:3)
  A centaur skeleton (D:8)
  A worker ant (D:7)
4 creatures vanquished.

Grand Total: 462 creatures vanquished

Notes
Turn   | Place    | Note
--------------------------------------------------------------
     0 | D:1      | Malachi, the Gargoyle Fighter, began the quest for the Orb.
     0 | D:1      | Reached XP level 1. HP: 14/14 MP: 1/1
   144 | D:1      | Reached XP level 2. HP: 17/19 MP: 2/2
   633 | D:1      | Reached XP level 3. HP: 12/23 MP: 3/3
  1168 | D:1      | Reached skill level 4 in Armour
  1420 | D:2      | Reached XP level 4. HP: 26/29 MP: 4/4
  2087 | D:3      | Found a shimmering altar of Xom.
  2207 | D:3      | Reached XP level 5. HP: 33/33 MP: 5/5
  2345 | D:3      | Found a glowing drain.
  2426 | Sewer    | Entered a sewer
  2539 | Sewer    | Reached XP level 6. HP: 38/38 MP: 6/6
  2666 | Sewer    | Reached skill level 5 in Shields
  2913 | D:4      | Reached skill level 5 in Armour
  3147 | D:4      | Found a glowing silver altar of Zin.
  3207 | D:4      | Reached XP level 7. HP: 42/44 MP: 7/7
  3457 | D:4      | Found a sacrificial altar of Ru.
  3486 | D:4      | Became a worshipper of Ru the Awakened
  3534 | D:4      | Reached skill level 6 in Shields
  3728 | D:5      | Entered Level 5 of the Dungeon
  3963 | D:5      | Reached XP level 8. HP: 46/48 MP: 8/8
  4096 | D:5      | Reached skill level 1 in Dodging
  4346 | D:5      | Reached skill level 5 in Maces & Flails
  4347 | D:5      | Reached skill level 5 in Fighting
  4347 | D:5      | Reached skill level 7 in Shields
  4355 | D:5      | Gained mutation: You cannot be stealthy. [Ru sacrifice]
  4717 | D:6      | Got a ripped robe
  4928 | D:6      | Found a staircase to the Ecumenical Temple.
  5211 | D:6      | Reached skill level 8 in Shields
  5378 | D:6      | Noticed a hill giant
  5421 | D:6      | Killed a hill giant
  5421 | D:6      | Reached XP level 9. HP: 15/55 MP: 5/9
  6134 | D:7      | Reached skill level 1 in Throwing
  6345 | D:7      | Got a steaming long sword
  6346 | D:7      | Identified the +3 long sword "Jaifaume" {antimagic, Contam rPois MR+} (You found it on level 7 of the Dungeon)
  6366 | D:7      | Gained mutation: Your body is slowly deteriorating. [mutagenic glow]
  6539 | D:7      | Found a sand-covered staircase.
  6550 | Ossuary  | Entered an ossuary
  6550 | Ossuary  | Noticed ZiggyStardust's ghost (average FeWz)
  6580 | Ossuary  | Killed ZiggyStardust's ghost
  6580 | Ossuary  | Reached skill level 9 in Shields
  6675 | Ossuary  | Gained mutation: You cannot study or cast Earth magic. [Ru sacrifice]
  6675 | Ossuary  | Gained mutation: You cannot study or cast Transmutations magic. [Ru sacrifice]
  6675 | Ossuary  | Gained mutation: You cannot study or cast Translocations magic. [Ru sacrifice]
  6675 | Ossuary  | Acquired Ru's first power
  6907 | D:7      | Found an opulent altar of Gozag.
  7697 | D:7      | Found a deep blue altar of Sif Muna.
  7816 | D:7      | Reached XP level 10. HP: 52/61 MP: 10/10
  8128 | D:7      | Reached skill level 10 in Shields
  8145 | D:7      | Identified the cursed -1 robe of Vioh {rF+ rC+ rCorr Int-5} (You found it on level 6 of the Dungeon)
  8517 | D:8      | Noticed Eustachio
  8537 | D:8      | Killed Eustachio
  8758 | D:8      | Gained mutation: You cannot read scrolls while threatened. [Ru sacrifice]
  8758 | D:8      | Acquired Ru's second power
  8758 | D:8      | Acquired Ru's third power
  8848 | D:8      | Found a staircase to the Lair.
  9067 | D:8      | Noticed dadoka's ghost (experienced SpAs)
  9096 | D:8      | Killed dadoka's ghost
  9730 | Lair:1   | Entered Level 1 of the Lair of Beasts
  9846 | Lair:1   | Reached skill level 11 in Shields
 10072 | Lair:1   | Reached XP level 11. HP: 66/68 MP: 11/11
 10305 | Lair:1   | Noticed an oklob plant
 10608 | Lair:1   | Reached skill level 12 in Shields
 10653 | Lair:1   | Gained mutation: You are hated by all. [Ru sacrifice]
 10653 | Lair:1   | Acquired Ru's fourth power
 10885 | Lair:1   | Noticed Joseph
 10911 | Lair:1   | Killed Joseph
 11443 | Lair:2   | Noticed a four-headed hydra
 11456 | Lair:2   | Killed a four-headed hydra
 12580 | Lair:3   | Gained mutation: You have a pair of small horns on your head. [potion of mutation]
 12580 | Lair:3   | Gained mutation: You are clumsy. (Dex -2) [potion of mutation]
 12580 | Lair:3   | Gained mutation: Your mind is acute. (Int +2) [potion of mutation]
 12585 | Lair:3   | Gained mutation: You are weak. (Str -2) [Ru sacrifice]
 12768 | Lair:3   | Reached XP level 12. HP: 65/75 MP: 10/12
 13059 | Lair:3   | Gained mutation: You have sharp toenails. [potion of beneficial mutation]
 13198 | Lair:4   | Reached skill level 13 in Shields
 13599 | Lair:4   | Found a staircase to the Shoals.
 13610 | Lair:4   | Gained mutation: You take slightly more damage. (-3 AC) [Ru sacrifice]
 13610 | Lair:4   | Acquired Ru's fifth power
 13762 | Lair:4   | Found a staircase to the Snake Pit.
 13831 | Lair:4   | Found a dark tunnel.
 13845 | Lair:4   | Killed from afar by a lindwurm

Action                   |  1- 3 |  4- 6 |  7- 9 | 10-12 || total
-------------------------+-------+-------+-------+-------++-------
Melee: Flail             |   157 |   271 |   836 |  1117 ||  2381
Throw: Javelin           |       |     2 |     5 |       ||     7
Invok: Sacrifice Stealth |       |       |     1 |       ||     1
       Sacrifice Arcana  |       |       |     1 |       ||     1
       Draw Out Power    |       |       |       |     3 ||     3
       Sacrifice Words   |       |       |       |     1 ||     1
       Power Leap        |       |       |       |    12 ||    12
       Sacrifice Purity  |       |       |       |     1 ||     1
       Sacrifice Love    |       |       |       |     1 ||     1
       Sacrifice Health  |       |       |       |     1 ||     1
  Use: Scroll            |       |     3 |    12 |     8 ||    23
       Potion            |       |       |    12 |     5 ||    17
 Stab: Distracted        |       |       |       |     2 ||     2
       Invisible         |       |       |       |     2 ||     2
  Eat: Chunk             |     2 |     6 |    14 |    19 ||    41
       Beef jerky        |       |       |     2 |       ||     2
       Fruit             |       |       |       |     4 ||     4
